 Dungeon Crawl Stone Soup version 0.31-a0-574-g69dc8cc98e (webtiles) character file.

Game seed: 18199849338964080118

1267 Dordric the Grappler (level 8, -2/48 HPs)
             Began as an Octopode Shapeshifter on Aug 18, 2023.
             Was an Initiate of Trog.
             Killed from afar by an electric eel (14 damage)
             ... with a bolt of electricity
             ... on level 6 of the Dungeon.
             The game lasted 00:05:02 (4824 turns).

Dordric the Grappler (Octopode Shapeshifter)        Turns: 4824, Time: 00:05:03

Health: -2/48      AC:  1    Str: 21    XL:     8   Next: 52%
Magic:  8/8        EV: 13    Int: 11    God:    Trog [......]
Gold:   172        SH:  5    Dex: 12    Spells: 7/7 levels left

rFire   . .          .
                       - Unarmed
rCold   . . .        (shield currently unavailable)
rNeg    . . .        (helmet restricted)
rPois   .            t - amulet of Ilunkept {Reflect Str+5 SH+5}
rElec   .            (no ring)
rCorr   .            (no ring)
SInv    .            (no ring)
Will    .....        (no ring)
Stlth   ++           (no ring)
HPRegen 0.28/turn    (no ring)
MPRegen 0.11/turn    (no ring)
                     (no ring)

%: reflection
@: flux-form, glowing, studying Maces & Flails
A: glow, contaminating, almost no armour, amphibious, 8 rings, camouflage 1,
gelatinous body 1, nimble swimmer 1, tentacles
a: Begin Untransformation, Renounce Religion


You were on level 6 of the Dungeon.
You worshipped Trog.
Trog was noncommittal.
You were something dangerously unstable.
You visited 2 branches of the dungeon, and saw 7 of its levels.
You also visited: Sewer.

You collected 172 gold pieces.

Inventory:

Missiles
 q - a throwing net
Jewellery
 r - an amulet of faith
 t - the amulet of Ilunkept (around mantle) {Reflect Str+5 SH+5}
   (You acquired it in a sewer)

   [amulet of reflection]

   Reflect:   It reflects blocked missile attacks.
   Str+5:     It affects your strength (+5).
   SH+5:      It affects your SH (+5).
Talismans
 b - a beast talisman
 c - a flux talisman (active)
Scrolls
 g - a scroll of immolation
 i - 9 scrolls of teleportation
 j - 2 scrolls of amnesia
 k - 2 scrolls of vulnerability
 l - a scroll of torment
 m - 2 scrolls of revelation
 n - 2 scrolls of identify
 w - a scroll of enchant weapon
 x - a scroll of enchant armour {unknown}
 y - a scroll of blinking {unknown}
Potions
 a - 4 potions of lignification
 d - a potion of curing
 e - a potion of enlightenment {unknown}
 f - 2 potions of heal wounds {unknown}
 h - a potion of mutation {unknown}
 o - a potion of haste {unknown}
 p - a potion of berserk rage {unknown}
 s - 2 potions of magic {unknown}
 u - a potion of might {unknown}
 v - a potion of cancellation {unknown}


   Skills:
 - Level 1.0 Fighting
 - Level 2.0 Dodging
 + Level 8.5 Unarmed Combat
 - Level 6.0 Shapeshifting


You had 7 spell levels left.
You didn't know any spells.
Your spell library contained the following spells:

 Spells                   Type           Power      Damage    Failure   Level
 Magic Dart               Conj           0%         1d3       34%         1
 Searing Ray              Conj           0%         2d4       47%         2
 Vhi's Electric Charge    Tloc/Air       0%         N/A       71%         3
 Fulminant Prism          Conj/Hex       0%         3d5       98%         4
 Arcjolt                  Conj/Air       0%         1d10      100%        5
 Plasma Beam              Fire/Air       0%         2x1d10    100%        6


Dungeon Overview and Level Annotations

Branches:
Dungeon (6/15)             Temple (1/1) D:5           Sewer (visited)

Altars:
Ashenzari
Dithmenos
Elyvilon
Fedhas
Gozag
Hepliaklqana
Makhleb
Okawaru
Qazlal
Sif Muna
Trog
Uskayaw
Vehumet
Wu Jian
Xom
Yredelemnul
The Shining One

Shops:
D:1 *


Innate Abilities, Weirdness & Mutations

You are something dangerously unstable.
You glow with magical radiation, making you easy to see and hit.
Foes you strike become dangerously contaminated with magical radiation.
You are incapable of wielding weapons or throwing items.
You cannot wear most types of armour.
You are amphibious.
You can wear up to eight rings at the same time.
Your skin changes colour to match your surroundings (Stealth+).
Your rubbery body absorbs attacks. (AC +1, EV +1)
You are camouflaged when in or above water. (Stealth+)
You have tentacles for arms and can constrict up to eight enemies at once.


Message History

The electric eel shoots out a bolt of lightning at you!
The bolt of electricity hits you.
You bludgeon the electric eel!
The electric eel glows dangerously bright.
The electric eel is almost dead.
You constrict the electric eel.
You kill the electric eel!
Trog accepts your kill.
You hear a splash.
The electric eel shoots out a bolt of lightning at you!
The bolt of electricity hits you!
You see here an electric eel corpse.
An electric eel comes into view.
The electric eel shoots out a bolt of lightning at you!
The bolt of electricity hits the electric eel.
The electric eel completely resists.
The bolt of electricity hits you!
You are too injured to fight recklessly!
You are too injured to fight recklessly!
You are too injured to fight recklessly!
You are too injured to fight recklessly!
You are too injured to fight recklessly!
You are too injured to fight recklessly!
You are too injured to fight recklessly!
You are too injured to fight recklessly!
You are too injured to fight recklessly!
You are too injured to fight recklessly!
You are too injured to fight recklessly!
You are too injured to fight recklessly!
You are too injured to fight recklessly!
You are too injured to fight recklessly!
You barely miss the electric eel. Your grab misses the electric eel.
You closely miss the electric eel. Your grab misses the electric eel.
An electric eel comes into view.
The electric eel shoots out a bolt of lightning at you!
The bolt of electricity hits you!
* * * LOW HITPOINT WARNING * * *
The electric eel shoots out a bolt of lightning at you!
The bolt of electricity hits the electric eel.
The electric eel completely resists.
The bolt of electricity hits you!
You die...

########################
≈≈≈≈≈≈≈≈≈≈≈≈≈≈≈≈≈≈≈≈≈S≈S
≈≈≈≈≈≈≈≈≈≈≈≈≈≈†≈BS≈≈≈≈≈≈
≈≈≈≈≈≈≈≈≈≈≈≈≈≈≈≈≈≈≈≈≈≈≈≈
########################


You could see 3 electric eels.

Vanquished Creatures
  Grinder (D:3)
  Sigmund (D:4)
  Edmund (D:3)
  3 black bears
  A bullfrog (D:6)
  An electric eel (D:6)
  2 iguanas
  A sleepcap (D:6)
  Jessica (D:2)
  A hell rat (Sewer)
  8 gnolls
  3 river rats (Sewer)
  6 adders
  A white imp (D:5)
  3 ufetubi
  5 worms
  3 dart slugs
  2 orcs
  6 endoplasms
  4 giant cockroaches (D:1)
  7 goblins
  9 hobgoblins
  12 jackals
  9 kobolds
  2 quokkas
  7 ball pythons
  A bat (D:1)
  5 frilled lizards
  10 rats
116 creatures vanquished.

Notes
Turn   | Place    | Note
-------+----------+-------------------------------------------
     0 | D:1      | Dordric the Octopode Shapeshifter began the quest for the
                  | Orb.
     0 | D:1      | Reached XP level 1. HP: 13/13 MP: 1/1
   156 | D:1      | Reached XP level 2. HP: 18/18 MP: 2/2
   332 | D:1      | Found Duxuefo's Assorted Antiques.
   410 | D:1      | Reached XP level 3. HP: 23/23 MP: 3/3
   876 | D:2      | Reached XP level 4. HP: 28/28 MP: 4/4
   953 | D:2      | Noticed Jessica
   961 | D:2      | Killed Jessica
  1353 | D:3      | Found a broken altar of Ashenzari.
  1658 | D:3      | Noticed Grinder
  1660 | D:3      | Paralysed by Grinder for 2 turns
  1668 | D:3      | Killed Grinder
  1669 | D:3      | Reached XP level 5. HP: 5/33 MP: 5/5
  1669 | D:3      | Reached XP level 6. HP: 6/38 MP: 6/6
  2194 | D:3      | HP: 1/38 [iguana (3)]
  2662 | D:4      | Noticed Edmund
  2706 | D:3      | Killed Edmund
  2707 | D:3      | Reached skill level 4 in Unarmed Combat
  2707 | D:3      | Reached XP level 7. HP: 17/43 MP: 7/7
  2875 | D:4      | Found a shadowy altar of Dithmenos.
  2875 | D:4      | Noticed Sigmund
  2881 | D:4      | Killed Sigmund
  2882 | D:4      | Reached skill level 5 in Unarmed Combat
  2899 | D:4      | Found a blossoming altar of Fedhas.
  2910 | D:4      | Found Atez's Weapon Shop.
  3002 | D:4      | Reached skill level 6 in Unarmed Combat
  3266 | D:5      | Entered Level 5 of the Dungeon
  3798 | D:5      | Found a glowing drain.
  3809 | Sewer    | Entered a sewer
  3884 | Sewer    | Identified a scroll of acquirement
  3885 | Sewer    | Acquired the amulet of Ilunkept {Reflect Str+5 SH+5}
  3940 | D:5      | Reached skill level 7 in Unarmed Combat
  3940 | D:5      | Reached XP level 8. HP: 48/48 MP: 8/8
  4409 | D:5      | Found a staircase to the Ecumenical Temple.
  4524 | Temple   | Entered the Ecumenical Temple
  4545 | Temple   | Became a worshipper of Trog the Wrathful
  4634 | D:6      | Reached skill level 8 in Unarmed Combat
  4824 | D:6      | Killed from afar by an electric eel

Illustrated notes

Levels and vault maps discovered:
D:1:      grunt_arrival_crossed_arrows, layout_loops_ring, serial_shops,
          nicolae_shop_overgrown_old_shop
D:2:      layout_basic, minmay_stone_trees_small, uniq_jessica
D:3:      layout_basic, lemuel_crystal_altar, uniq_grinder
D:4:      layout_cave_pools, nicolae_dithmenos_through_a_glass_darkly,
          fedhas_altar_3, serial_shops, nicolae_shop_tiny_glass, uniq_sigmund,
          uniq_edmund
D:5:      layout_layer_cave, minmay_temple_entry_fiery, portal_sewer_entry_d,
          chequers_serial_rivers_small_a, grunt_decor_fettered
D:6:      minmay_goblin_kobold_castle, layout_basic,
          minmay_misc_feat_four_crosses, minmay_misc_feat_room,
          bh_walls_and_bars
Temple:   dpeg_chambers_temple

Skill      XL: |  1  2  3  4  5  6  7  8 |
---------------+-------------------------+-----
Shapeshifting  | 4 6 |  6.0
Unarmed Combat | 4 7 8 |  8.5
Fighting       | |  1.0
Dodging        | |  2.0

Action                     |  1- 3 |  4- 6 |  7- 9 || total
---------------------------+-------+-------+-------++-------
  Melee: Unarmed           |    70 |    88 |    95 ||   253
         Constrict         |    24 |    25 |    29 ||    78
         Tentacles         |    19 |    26 |    30 ||    75
         Punch             |     3 |     2 |       ||     5
    Use: Scroll            |       |     6 |     4 ||    10
   Stab: Sleeping          |     6 |     7 |     2 ||    15
 Armour: Skin              |     6 |     3 |     4 ||    13
  Dodge: Dodged            |    25 |    44 |    58 ||   127
  Block: Other             |       |       |     5 ||     5
   Form: Flux              |       |     1 |       ||     1

Table legend: (Time is in decaauts)
 A = Elapsed time spent in this place.
 B = Non-inter-level travel time spent in this place.
 C = Inter-level travel time spent in this place.
 D = Time resting spent in this place.
 E = Time spent auto-exploring this place.
 F = Levels seen in this place.
 G = Mean time per level.
                   A        B        C        D        E       F      G
               +--------+--------+--------+--------+--------+-----+--------+
         Total |   4802 |   4554 |    248 |    351 |   3456 |   8 |  600.2 |
       Dungeon |   4665 |   4459 |    206 |    351 |   3416 |   6 |  777.5 |
        Temple |     42 |      1 |     41 |      0 |      0 |   1 |   42.0 |
         Sewer |     93 |     93 |      0 |      0 |     40 |   1 |   93.0 |
               +--------+--------+--------+--------+--------+-----+--------+

Top non-repeatable levels by time:
     D:3: 1199 daAuts
     D:5: 1197 daAuts
     D:4: 717 daAuts
     D:1: 686 daAuts
     D:2: 650 daAuts
     D:6: 214 daAuts
   Sewer: 93 daAuts
  Temple: 42 daAuts
